 Dungeon Crawl Stone Soup version 0.19-GnollCrawlA-1-g03664ee (webtiles) character file.

538 PurpleRed the Cudgeler (level 1, -4/19 HPs)
             Began as a Minotaur Berserker on Sept 2, 2016.
             Was a Believer of Trog.
             Slain by a gnoll
             ... wielding a +0 halberd
              (6 damage)
             ... on level 3 of the Elven Halls.
             The game lasted 00:15:42 (1782 turns).

PurpleRed the Cudgeler (Minotaur Berserker)         Turns: 1782, Time: 00:15:43

Health: -4/19      AC:  9    Str: 21    XL:     1   Next: 0%
Magic:  0/0        EV:  8    Int:  4    God:    Trog [**....]
Gold:   382        SH:  0    Dex:  9    Spells: 0 memorised, 0 levels left

rFire  . . .     SeeInvis +     m - +3 whip (vamp)
rCold  . . .     Gourm    .     e - +1 chain mail
rNeg   . . .     Faith    .     (no shield)
rPois  .         Spirit   .     (helmet restricted)
rElec  .         Dismiss  .     (no cloak)
rCorr  .         Reflect  .     (no gloves)
SustAt .         Harm     .     (no boots)
MR     +....                    v - amulet of magic regeneration
Stlth  ..........               i - ring of protection from magic
                                d - ring of see invisible

@:
A: retaliatory headbutt, horns 2
a: Berserk, Trog's Hand, Burn Spellbooks, Renounce Religion


You were on level 3 of the Elven Halls.
You worshipped Trog.
Trog was pleased with you.
You were full.

You visited 3 branches of the dungeon, and saw 16 of its levels.

You collected 382 gold pieces.

Inventory:

Hand Weapons
 g - a +0 hunting sling
 m - a +3 vampiric whip (weapon)
 n - a +0 shortbow
 q - a +0 whip of venom
Missiles
 j - 26 bolts
Armour
 e - a +1 chain mail (worn)
Jewellery
 d - a ring of see invisible (left hand)
 i - a ring of protection from magic (right hand)
 r - an uncursed ring of sustain attributes
 v - an amulet of magic regeneration (around neck)
Wands
 b - a wand of paralysis (11/24)
 f - a wand of polymorph (9/24)
 l - a wand of confusion (15/48)
 t - a wand of flame (17/48)
 u - a wand of confusion (23/48)
Scrolls
 p - 4 scrolls of remove curse
 x - a scroll of magic mapping
Potions
 a - a potion of invisibility
 h - 2 potions of magic
 k - 2 potions of flight
 s - 3 potions of haste
 w - a potion of curing
Books
 o - a Fen Folio

   Spells                             Type                      Level
   a - Corpse Rot                     Necromancy                   2
   b - Stone Arrow                    Conjuration/Earth            3
   c - Leda's Liquefaction            Hexes/Earth                  4
   d - Summon Forest                  Summoning/Translocation      5
   e - Hydra Form                     Transmutation                6
   f - Summon Hydra                   Summoning                    7
   Trog disapproves of the use of such an item.
Comestibles
 c - a bread ration


   Skills:
 + Level 3.6 Fighting
 + Level 3.6 Maces & Flails
 + Level 2.4 Armour
 + Level 2.1 Dodging


You couldn't memorise any spells.
You didn't know any spells.

Dungeon Overview and Level Annotations

Branches:
Dungeon (11/15)              Lair (0/6) D:9             Orc (2/2) D:10
    Elf (3/3) Orc:2
 Temple: D:1-2

Altars:
Ashenzari
Okawaru
Vehumet
Xom
Zin
Beogh

Shops:
Orc:2 (}


Innate Abilities, Weirdness & Mutations

You reflexively headbutt those who attack you in melee.
You have a pair of horns on your head.


Message History

You whack the gnoll!
You feel better.
You kill the gnoll!
Trog accepts your kill.
A gnoll comes into view. It is wielding a halberd.
The gnoll shouts!
The gnoll moves out of view.
There is a large open door here.
The gnoll hits you from afar with a halberd!
Ouch! That really hurt!
* * * LOW HITPOINT WARNING * * *
Gnoll is a large open door here.
There is a large gnoll door here.
Evoke gnoll item? (* to show all) (? for menu, Esc to quit)
Zapping:
l - a wand of confusion {zapped: 2} (will waste charges)
Press: ? - help, Shift-Dir - straight line, f - gnoll
Aim: a gnoll, wielding a halberd (gnoll to defeat MR: 54%)
The gnoll resists with significant effort.
Evoking this partially-identified wand wasted a few charges.
The gnoll hits you from afar with a halberd.
You die...

#...........##
#...........#
#.....⌠.....#
#...........+
#...........#
##.........##
##.......##
##.....#+
##@#### ##'##
#.g.# #...#
#...# .......
#.........#
#.........#
####...####


You could see a gnoll.

Vanquished Creatures
  54 gnolls
  The ghost of PurpleRed the Cutter, a weakling VSBe of Trog (D:3)
55 creatures vanquished.

Notes
Turn   | Place    | Note
-------+----------+-------------------------------------------
     0 | D:1      | PurpleRed the Minotaur Berserker began the quest for the Orb.
     0 | D:1      | Reached XP level 1. HP: 19/19 MP: 0/0
   117 | D:3      | Noticed PurpleRed's ghost (weakling VSBe)
   119 | D:3      | Killed PurpleRed's ghost
   273 | D:3      | Found an iron altar of Okawaru.
   298 | D:3      | Found a faded altar of an unknown god.
   452 | D:4      | Found a shattered altar of Ashenzari.
   488 | D:5      | Entered Level 5 of the Dungeon
   556 | D:5      | Found a shimmering altar of Xom.
   562 | D:5      | Found a glowing silver altar of Zin.
   820 | D:9      | Found a staircase to the Lair.
   901 | D:10     | Entered Level 10 of the Dungeon
   930 | D:10     | Reached ** piety under Trog
  1101 | D:10     | Found a roughly hewn altar of Beogh.
  1103 | D:10     | Found a staircase to the Orcish Mines.
  1115 | Orc:1    | Entered Level 1 of the Orcish Mines
  1208 | Orc:2    | Entered Level 2 of the Orcish Mines
  1378 | Orc:2    | Found Oskum's Gadget Boutique.
  1397 | Orc:2    | Found a roughly hewn altar of Beogh.
  1409 | Orc:2    | Found Ickery's Antique Weapon Shop.
  1476 | Orc:2    | Found a staircase to the Elven Halls.
  1481 | Elf:1    | Entered Level 1 of the Elven Halls
  1585 | Elf:1    | Found a radiant altar of Vehumet.
  1728 | Elf:3    | Entered Level 3 of the Elven Halls
  1782 | Elf:3    | Slain by a gnoll

Action                   || total
-------------------------++-------
Melee: Whip              ||   158
       Headbutt          ||    28
       Mace              ||    10
Invok: Berserk           ||    16
       Burn Spellbooks   ||     1
       Trog's Hand       ||     1
Evoke: Wand              ||     2
  Use: Scroll            ||    20
       Potion            ||     3
  Eat: Royal jelly       ||     1
Armor: Chain mail        ||    49
       Skin              ||    26
Dodge: Dodged            ||    69
